 Dungeon Crawl Stone Soup version 0.23.2 (webtiles) character file.

Game seed: 7005091759712194429

464 Fang the Skirmisher (level 7, -1/44 HPs)
             Began as a Gargoyle Berserker on Apr 3, 2019.
             Was an Elder of Trog.
             Slain by a mummy (13 damage)
             ... in an ossuary.
             The game lasted 00:05:32 (3853 turns).

Fang the Skirmisher (Gargoyle Berserker)            Turns: 3853, Time: 00:05:32

Health: -1/44      AC:  7    Str: 23    XL:     7   Next: 8%
Magic:  7/7        EV: 13    Int:  7    God:    Trog [****..]
Gold:   261        SH:  0    Dex: 11    Spells: 6/6 levels left

rFire    . . .     SeeInvis .   q - +0 battleaxe
rCold    . . .     Gourm    .   (shield currently unavailable)
rNeg     + . .     Faith    .   b - +0 animal skin
rPois    ∞         Spirit   .   (no helmet)
rElec    +         Reflect  .   (no cloak)
rCorr    .         Harm     .   (no gloves)
MR       .....                  (no boots)
Stlth    +.........             l - amulet of regeneration
HPRegen  0.54/turn              s - +2 ring of dexterity
MPRegen  0.10/turn              (no ring)

@: no status effects
A: negative energy resistance 1, electricity resistance, unbreathing,
petrification resistance, rot immunity, AC +4
a: Berserk, Trog's Hand, Brothers in Arms, Renounce Religion


You were in an ossuary.
You worshipped Trog.
Trog was greatly pleased with you.
You were not hungry.

You visited 1 branch of the dungeon, and saw 4 of its levels.
You also visited: Sewer and Ossuary.

You collected 261 gold pieces.

Inventory:

Hand Weapons
 q - a +0 battleaxe (weapon)
Armour
 b - a +0 animal skin (worn)
Jewellery
 l - an amulet of regeneration (around neck)
 s - a +2 ring of dexterity (left hand)
Wands
 o - a wand of polymorph (8)
 p - a wand of flame (8)
 r - a wand of random effects (20)
 w - a wand of digging (6)
Scrolls
 e - 6 scrolls of identify
 f - a scroll of fear {unknown}
 g - 4 scrolls of remove curse
Potions
 a - a potion of degeneration {unknown}
 d - a potion of mutation {unknown}
 h - 3 potions of lignification
 i - 2 potions of invisibility {unknown}
 j - a potion of agility {unknown}
 k - a potion of might {unknown}
 m - 4 potions of heal wounds
 n - 6 potions of curing {unknown}
 u - a potion of brilliance {unknown}
 v - a potion of flight {unknown}
Comestibles
 c - 4 rations
 t - 3 chunks of flesh


   Skills:
 + Level 5.1 Fighting
 + Level 4.1 Axes
 + Level 4.4 Armour
 + Level 3.3 Dodging


You had 6 spell levels left.
You didn't know any spells.
Your spell library was empty.

Dungeon Overview and Level Annotations

Branches:
Dungeon (4/15)
 Temple: D:4-7

Altars:
Uskayaw
Wu Jian
Zin


Innate Abilities, Weirdness & Mutations

You are resistant to torment.
Your stone body is resilient. (AC +4)
You are immune to poison.
You resist negative energy. (rN+)
You are resistant to electric shocks. (rElec)
You can survive without breathing.
You are immune to petrification.
You are immune to rotting.


Message History

You open the door. 5 mummies come into view.
Found twelve items.
Found a gate leading back out of this place.
There are monsters nearby!
There are monsters nearby!
Found three items.
There is an open door here.
There is a click, and some walls slide away! 2 zombies come into view.
You barely miss the mummy. The mummy hits you!
You barely miss the mummy. You slash the mummy! You hit the mummy.
The mummy closely misses you. The mummy hits you!
You barely miss the mummy.
The mummy is moderately damaged.
You slash the mummy! You barely miss the mummy. You slash the mummy!
The mummy hits you! The mummy hits you.
* * * LOW HITPOINT WARNING * * *
The mummy barely misses you. The mummy hits you!
You die...

#.. .......#...
#..# ###......#...
#..# ............
#..+ ...........
#..# .....!??..
#..# ZZ.!?$??.
#..########MM=$∩$!.
#..'.#.....@MM!$!?.
#..#.'....'.M.!!!..
#..#.#.............
#..###.............
#..'.####......#...
#..#.'.........# ..
#..#.#....#....# .
#..###....#....#
#..'.#....#


You could see 5 mummies, a centaur zombie and an ogre zombie.

Vanquished Creatures
  An ogre (D:4)
  A crocodile (Sewer)
  A centaur zombie (Ossuary)
  Natasha (thrice) (D:3)
  An iguana (D:4)
  A worker ant (D:4)
  An ogre zombie (Ossuary)
  2 adders (D:3)
  5 worms
  A dart slug (D:1)
  2 orcs (D:3)
  7 giant cockroaches
  7 goblins
  10 hobgoblins
  9 jackals
  15 kobolds
  2 ball pythons
  12 bats
  8 frilled lizards
  A goblin zombie (Ossuary)
  2 hobgoblin zombies (Ossuary)
  2 kobold zombies (Ossuary)
  8 rats
102 creatures vanquished.

Notes
Turn   | Place    | Note
-------+----------+-------------------------------------------
     0 | D:1      | Fang the Gargoyle Berserker began the quest for the Orb.
     0 | D:1      | Reached XP level 1. HP: 14/14 MP: 1/1
   408 | D:1      | Reached XP level 2. HP: 18/19 MP: 2/2
   653 | D:1      | Reached ** piety under Trog
   758 | D:1      | Reached XP level 3. HP: 23/23 MP: 3/3
  1127 | D:2      | Found an ornate altar of the Wu Jian Council.
  1301 | D:2      | Found a glowing silver altar of Zin.
  1597 | D:3      | Reached XP level 4. HP: 14/29 MP: 4/4
  1631 | D:3      | Found a hide-covered altar of Uskayaw.
  1673 | D:3      | Found a glowing drain.
  1689 | Sewer    | Entered a sewer
  2066 | Sewer    | Noticed a crocodile
  2073 | Sewer    | Killed a crocodile
  2073 | Sewer    | Reached skill level 4 in Fighting
  2073 | Sewer    | Reached XP level 5. HP: 28/33 MP: 5/5
  2313 | D:3      | Reached *** piety under Trog
  2917 | D:3      | Noticed Natasha
  2925 | D:3      | Killed Natasha
  3313 | D:3      | Noticed Natasha
  3318 | D:3      | Killed Natasha
  3318 | D:3      | Reached XP level 6. HP: 38/39 MP: 6/6
  3527 | D:3      | Noticed Natasha
  3535 | D:3      | Killed Natasha
  3732 | D:4      | Reached **** piety under Trog
  3757 | D:4      | Found a sand-covered staircase.
  3790 | Ossuary  | Entered an ossuary
  3828 | Ossuary  | Reached skill level 5 in Fighting
  3828 | Ossuary  | Reached XP level 7. HP: 40/44 MP: 7/7
  3853 | Ossuary  | Slain by a mummy

Skill      XL: |  1  2  3  4  5  6 |
---------------+-------------------+-----
Axes           | 3 4 |  4.1
Dodging        | 2 3 |  3.3
Armour         | 3 4 |  4.4
Fighting       | 4 5 |  5.1

Action                   |  1- 3 |  4- 6 |  7- 9 || total
-------------------------+-------+-------+-------++-------
Melee: Hand axe          |   154 |    31 |       ||   185
       Battleaxe         |       |   141 |     7 ||   148
Invok: Berserk           |     1 |     2 |       ||     3
  Use: Scroll            |       |     5 |       ||     5
 Stab: Sleeping          |       |     1 |       ||     1
  Eat: Chunk             |     3 |    10 |       ||    13
Armor: Animal skin       |    71 |    76 |     2 ||   149
Dodge: Dodged            |    93 |   149 |     5 ||   247
